 Dungeon Crawl Stone Soup version 0.29-a0-451-gfbfa42419e (webtiles) character file.

Game seed: 15410019765486915182

3775 xian the Destroyer (level 9, -1/105 HPs)
             Began as a Pale Draconian Conjurer on May 19, 2022.
             Succumbed to a killer bee's poison
             ... on level 7 of the Dungeon.
             The game lasted 00:33:40 (8272 turns).

xian the Destroyer (Pale Draconian Conjurer)        Turns: 8272, Time: 00:33:40

Health: -1/105     AC: 24    Str: 11    XL:     9   Next: 95%
Magic:  16/21      EV:  2    Int: 22    God:
Gold:   578        SH:  0    Dex:  9    Spells: 21/24 levels left

rFire   . . .      SeeInvis .   q - +2 mace (drain)
rCold   . . .      Faith    .   (no shield)
rNeg    . . .      Spirit   .   (body armour unavailable)
rPois   +          Reflect  .   (helmet currently unavailable)
rElec   .          Harm     .   (cloak currently unavailable)
rCorr   .          Rampage  .   (gloves currently unavailable)
Will    .....      NoTele   +   (boots currently unavailable)
Stlth   ++........              (no amulet)
HPRegen 0.27/turn               (no ring)
MPRegen 0.17/turn               (no ring)

@: lethally poisoned (-1 -> -10), tree-form
A: stationary, stasis, torment immunity, boosted hp, (breathe steam), AC +7,
unfitting armour, (cold-blooded), (steam resistance)
a: no special abilities


You were on level 7 of the Dungeon.
You were a tree.
You visited 1 branch of the dungeon, and saw 7 of its levels.
You also visited: Bailey.

You collected 578 gold pieces.

Inventory:

Hand Weapons
 e - a +2 dagger of pain
 q - a +2 mace of draining (weapon)
Missiles
 n - 2 atropa-tipped darts
 E - 5 throwing nets
Armour
 f - a +1 cloak (melded)
 j - a +0 pair of gloves (melded)
 p - the +2 leather armour of Waqoarud {Dex+2}
   (You found it on level 3 of the Dungeon)

   Dex:       It affects your dexterity (+2).
Magical Staves
 u - a staff of death
 F - a staff of death
 G - a staff of conjuration
Jewellery
 z - a +4 ring of protection
Wands
 r - a wand of digging (5)
 w - a wand of flame (25)
 D - a wand of mindburst (11)
Scrolls
 b - 6 scrolls of identify {unknown}
 g - 3 scrolls of fog {unknown}
 i - 3 scrolls of magic mapping {unknown}
 l - 3 scrolls of teleportation {unknown}
 m - 2 scrolls of amnesia {unknown}
 o - 2 scrolls of fear {unknown}
 t - a scroll of noise {unknown}
 y - a scroll of summoning {unknown}
 C - a scroll of enchant weapon {unknown}
Potions
 a - 4 potions of magic
 c - 3 potions of degeneration {unknown}
 d - 4 potions of curing {unknown}
 h - 4 potions of haste {unknown}
 k - a potion of might {unknown}
 s - 2 potions of ambrosia {unknown}
 v - 3 potions of heal wounds {unknown}
 x - a potion of attraction {unknown}
 A - a potion of lignification
 B - a potion of flight {unknown}
 H - a potion of berserk rage {unknown}


   Skills:
 + Level 3.2 Fighting
 + Level 2.0 Short Blades
 + Level 2.5 Maces & Flails
 + Level 4.8 Dodging
 + Level 4.1 Stealth
 + Level 8.2 Spellcasting
 + Level 9.1 Conjurations


You had 21 spell levels left.
You knew the following spells:

 Your Spells              Type           Power      Damage    Failure   Level
a - Magic Dart            Conj           100%       1d8       1%          1
b - Searing Ray           Conj           98%        2d8       1%          2

Your spell library contained the following spells:

 Spells                   Type           Power      Damage    Failure   Level
 Foxfire                  Conj/Fire      100%       2x1d9     1%          1
 Shock                    Conj/Air       100%       1d9       1%          1
 Conjure Flame            Conj/Fire      29%        6-21      3%          3
 Dazzling Flash           Conj/Hex       58%        N/A       3%          3
 Flame Wave               Conj/Fire      29%        2d8       11%         4
 Fulminant Prism          Conj/Hex       14%        3d9       11%         4
 Iskenderun's Mystic Bla  Conj/Tloc      29%        2d7       11%         4
 Inner Flame              Hex/Fire       9%         N/A       22%         3
 Swiftness                Air            9%         N/A       22%         3
 Airstrike                Air            4%         N/A       58%         4


Dungeon Overview and Level Annotations

Branches:
Dungeon (7/15)             Temple (0/1) D:6          Bailey (visited)

Altars:

Shops:
D:3 [   D:5 (


Innate Abilities, Weirdness & Mutations

You are a tree.
Your roots penetrate the ground, keeping you stationary.
You cannot be teleported.
You are immune to unholy pain and torment.
Your maximum health is greatly increased.
Your equipment is partially melded.
((You can breathe blasts of scalding, opaque steam.))
((Your pale cyan-grey scales are hard. (AC +7)))
You cannot fit into any form of body armour.
((You are cold-blooded and may be slowed by cold attacks.))
((You are immune to the effects of steam.))


Message History

Aiming: Breathe Steam (1% risk of failure)
Press: ? - help, Shift-Dir - straight line You exhale a blast of scalding steam.
The ball of steam hits the killer bee.
The killer bee is moderately wounded.
The ball of steam hits the howler monkey!
You kill the howler monkey!
The killer bee is engulfed in a cloud of scalding steam.
The killer bee stings you.
* * * LOW HITPOINT WARNING * * *
A killer bee comes into view.
The killer bee is engulfed in a cloud of scalding steam.
The killer bee stings you.
* * * LOW HITPOINT WARNING * * *
Casting: Searing Ray (safe; 1% risk of failure)
Confirm with . or Enter, or press ? or * to list all spells.
Aiming: Searing Ray (safe; 1% risk of failure)
Press: ? - help, Shift-Dir - straight line The searing ray hits the killer bee!
You kill the killer bee! (Press . to maintain the ray.)
The killer bee buzzes angrily.
You hear an angry buzzing noise.
A killer bee comes into view. x2; An ice beast comes into view.
The killer bee moves out of view.
The killer bee buzzes angrily.
The killer bee closely misses you.
The killer bee stings you but does no damage.
You see here a howler monkey corpse.
You have got your breath back.
The killer bee barely misses you. The killer bee closely misses you.
The killer bee stings you.
* * * LOW HITPOINT WARNING * * *
You are lethally poisoned!
The killer bee poisons you! The killer bee closely misses you.
The killer bee barely misses you. x2
Items here: ! )) ? [.
It was a potion of lignification.
You turn into a tree.
Your +1 cloak melds into your body.
Your +0 pair of gloves melds into your body.
Your roots penetrate the ground.
You die...

.## #..[#.≈≈≈≈≈≈≈. #
#..[#.≈#####≈.
#[.)#.)#...#
#...#)≈#.∩.# .
######...).≈#...# ...
.........[..≈##)##≈....
.........[..≈)≈≈≈≈≈....
.........y.)...........
#######.y♣#####........
#..y†.............
#.....#####.##.##.
#.....# .# .# ##..Y##
.# # #...# .. #.....
#.#.## #...


You could see an ice beast and 3 killer bees.

Vanquished Creatures
  Pikel (D:6)
  Grinder (D:4)
  A steam dragon (D:6)
  Duvessa (D:7)
  An orc warrior (D:6)
  A black bear (D:6)
  4 wolves (Bailey)
  4 lemures (D:6)
  2 phantoms
  A kobold brigand (D:7)
  A bullfrog (D:6)
  A necrophage (D:6)
  9 gnoll sergeants
  5 scorpions
  3 wights
  Dowan (D:7)
  A killer bee (D:7)
  A howler monkey (D:7)
  6 hounds
  6 gnoll shamans (Bailey)
  3 jellies
  An orc priest (D:3)
  2 iguanas
  3 orc wizards
  10 adders
  15 gnolls
  A white imp (D:7)
  2 ufetubi
  2 dart slugs
  16 orcs
  7 ball pythons
  5 bats
  4 endoplasms
  3 giant cockroaches
  18 goblins
  7 hobgoblins
  2 jackals (D:3)
  2 quokkas
  2 frilled lizards (D:2)
  7 kobolds
  10 rats
173 creatures vanquished.

Vanquished Creatures (others)
  5 plants (D:2)
5 creatures vanquished.

Grand Total: 178 creatures vanquished

Notes
Turn   | Place    | Note
-------+----------+-------------------------------------------
     0 | D:1      | xian the Draconian Conjurer began the quest for the Orb.
     0 | D:1      | Reached XP level 1. HP: 14/14 MP: 3/3
   259 | D:1      | Reached XP level 2. HP: 20/20 MP: 0/5
  1221 | D:2      | Reached XP level 3. HP: 26/26 MP: 3/6
  1493 | D:2      | Reached skill level 5 in Conjurations
  1550 | D:2      | Learned a level 2 spell: Searing Ray
  1702 | D:2      | Found a faded altar of an unknown god.
  1716 | D:2      | Reached XP level 4. HP: 31/33 MP: 1/7
  2599 | D:3      | Identified the +2 leather armour of Waqoarud {Dex+2}
  2675 | D:3      | Found Liecochyma's Armour Shoppe.
  2844 | D:4      | Noticed a scorpion
  2883 | D:4      | Reached XP level 5. HP: 18/38 MP: 3/9
  3568 | D:4      | Noticed Grinder
  3570 | D:4      | Paralysed by Grinder for 2 turns
  3585 | D:4      | Killed Grinder
  3586 | D:4      | Reached skill level 1 in Short Blades
  3586 | D:4      | Reached skill level 6 in Conjurations
  3586 | D:4      | Reached XP level 6. HP: 43/46 MP: 2/12
  4050 | D:4      | Your scales start taking on a pale cyan-grey colour.
  4050 | D:4      | Reached XP level 7. HP: 51/51 MP: 7/13
  4050 | D:4      | Gained mutation: You are immune to the effects of steam.
                  | [Pale Draconian growth]
  4373 | D:5      | Entered Level 5 of the Dungeon
  4565 | D:5      | Reached skill level 1 in Fighting
  4833 | D:5      | Found Ehoprex's Antique Weapon Boutique.
  4889 | D:5      | Reached skill level 5 in Spellcasting
  5288 | D:6      | Found a staircase to the Ecumenical Temple.
  5336 | D:6      | Noticed Pikel
  5354 | D:6      | Killed Pikel
  5355 | D:6      | Reached skill level 7 in Conjurations
  5355 | D:6      | Reached XP level 8. HP: 27/59 MP: 4/17
  5833 | D:6      | Reached skill level 1 in Maces & Flails
  5936 | D:6      | Reached skill level 8 in Conjurations
  6598 | D:6      | Reached XP level 9. HP: 44/67 MP: 17/19
  6780 | D:7      | Noticed Dowan
  6859 | D:7      | Killed Dowan
  6972 | D:7      | Found a flagged portal.
  6978 | Bailey   | Entered a bailey
  7855 | Bailey   | Reached skill level 9 in Conjurations
  8240 | D:7      | Noticed Duvessa
  8264 | D:7      | Killed Duvessa
  8271 | D:7      | HP: 1/70 [killer bee (4)]
  8272 | D:7      | Succumbed to a killer bee's poison

Illustrated notes

Levels and vault maps discovered:
D:1:      mrwooster_arrival_arrow, layout_loops_cross
D:2:      layout_basic, dreamdust_ecumenical_altar_grove
D:3:      layout_rooms, serial_shops, shop
D:4:      layout_basic, minmay_diced_spiral, uniq_grinder
D:5:      layout_loops_corners, serial_shops, shop_statue
D:6:      minmay_angry_zag, layout_basic, temple_green, wad_floor_pattern_2,
          uniq_pikel
D:7:      kennysheep_seaside_town, layout_loops_cross, enter_bailey_3,
          hangedman_misty_isle, uniq_duvessa

Skill      XL: |  1  2  3  4  5  6  7  8  9 |
---------------+----------------------------+-----
Conjurations   | 5 6 7 8 9 |  9.1
Stealth        | 2 3 4 |  4.1
Spellcasting   | 3 4 6 7 8 |  8.2
Dodging        | 2 3 4 |  4.8
Short Blades   | 1 2 |  2.0
Fighting       | 1 2 3 |  3.2
Maces & Flails | 1 2 |  2.5

Action                   |  1- 3 |  4- 6 |  7- 9 || total
-------------------------+-------+-------+-------++-------
Melee: Dagger            |     8 |     5 |       ||    13
       Mace              |       |     6 |    38 ||    44
       Tailslap          |       |     4 |     3 ||     7
       Punch             |       |       |     2 ||     2
 Cast: Magic Dart        |    66 |    71 |   113 ||   250
       Searing Ray       |       |     6 |    36 ||    42
 Abil: Breathe Steam     |       |       |    44 ||    44
  Use: Potion            |       |       |     1 ||     1
Armor: Skin              |    11 |    12 |    44 ||    67
Dodge: Dodged            |     8 |    16 |   103 ||   127

Table legend: (Time is in decaauts)
 A = Elapsed time spent in this place.
 B = Non-inter-level travel time spent in this place.
 C = Inter-level travel time spent in this place.
 D = Time resting spent in this place.
 E = Time spent auto-exploring this place.
 F = Levels seen in this place.
 G = Mean time per level.
                   A        B        C        D        E       F      G
               +--------+--------+--------+--------+--------+-----+--------+
         Total |   8291 |   8126 |    165 |   1066 |   5679 |   8 | 1036.4 |
       Dungeon |   7056 |   6891 |    165 |    573 |   5344 |   7 | 1008.0 |
        Bailey |   1235 |   1235 |      0 |    493 |    335 |   1 | 1235.0 |
               +--------+--------+--------+--------+--------+-----+--------+

Top non-repeatable levels by time:
     D:4: 1531 daAuts
     D:6: 1504 daAuts
  Bailey: 1235 daAuts
     D:2: 1183 daAuts
     D:1: 1093 daAuts
     D:5: 905 daAuts
     D:3: 564 daAuts
     D:7: 273 daAuts
